 Dungeon Crawl Stone Soup version 0.19.0-9-gfd783f2 (webtiles) character file.

227 dobroeutro the Shooter (level 5, -4/44 HPs)
             Began as a Centaur Hunter on Nov 7, 2016.
             Was a Follower of Okawaru.
             Slain by Sigmund
             ... wielding a +0 scythe
              (11 damage)
             ... on level 3 of the Dungeon.
             The game lasted 00:04:37 (2599 turns).

dobroeutro the Shooter (Centaur Hunter)             Turns: 2599, Time: 00:04:38

Health: -4/44      AC:  5    Str: 14    XL:     5   Next: 70%
Magic:  5/5        EV: 10    Int: 10    God:    Okawaru [*.....]
Gold:   172        SH:  0    Dex: 11    Spells: 0 memorised, 4 levels left

rFire  . . .     SeeInvis .     a - +1 shortbow
rCold  . . .     Gourm    .     h - +0 robe
rNeg   . . .     Faith    .     (shield currently unavailable)
rPois  .         Spirit   .     c - +1 hat
rElec  .         Reflect  .     i - -1 cloak (curse)
rCorr  .         Harm     .     (no gloves)
MR     +....                    (no barding)
Stlth  +.........               (no amulet)
                                (no ring)
                                e - ring of protection from magic

@: very quick
A: hooves 3, deformed body, speed 2, tough skin 3
a: Heroism, Renounce Religion


You were on level 3 of the Dungeon.
You worshipped Okawaru.
Okawaru was aware of your devotion.
You were not hungry.

You visited 1 branch of the dungeon, and saw 3 of its levels.

You collected 172 gold pieces.

Inventory:

Hand Weapons
 a - a +1 shortbow (weapon)
 b - a +0 short sword
Missiles
 d - 12 arrows (quivered)
Armour
 c - a +1 hat (worn)
 h - a +0 robe (worn)
 i - a cursed -1 cloak (worn)
Jewellery
 e - a ring of protection from magic (left hand)
Scrolls
 j - a scroll of blinking {unknown}
 k - 3 scrolls of identify {unknown}
 l - a scroll of immolation {unknown}
 r - a scroll of enchant weapon {unknown}
 u - a scroll of magic mapping {unknown}
Potions
 g - a potion of lignification {unknown}
 p - a potion of agility {unknown}
 q - a potion of brilliance {unknown}
 t - 2 potions of magic {unknown}
 v - a potion of flight {unknown}
 w - a potion of berserk rage {unknown}
Comestibles
 f - 3 bread rations
 m - 3 meat rations
 n - a slice of pizza
 o - a beef jerky
 s - a chunk of flesh


   Skills:
 - Level 2.9 Fighting
 - Level 2.1 Short Blades
 + Level 7.6 Bows
 - Level 1.9 Dodging
 - Level 0.5 Stealth


You had 4 spell levels left.
You didn't know any spells.

Dungeon Overview and Level Annotations

Branches:
Dungeon (3/15)

Altars:
Cheibriados
Okawaru

Annotations:
D:3 Sigmund


Innate Abilities, Weirdness & Mutations

You have hooves in place of feet.
Armour fits poorly on your strangely shaped body.
You cover ground very quickly.
You have extremely tough skin. (AC +3)


Message History

d - 14 arrows (gained 1);
w - a fizzy orange potion Firing (i - inventory):
d - 14 arrows (quivered)
Press: ? - help, Shift-Dir - straight line, f - worm
Aim: a worm (moderately wounded)
You shoot an arrow. The arrow hits the worm!
The worm is severely wounded.
Firing (i - inventory):
d - 13 arrows (quivered)
Press: ? - help, Shift-Dir - straight line, f/p - worm
Aim: a worm (severely wounded)
You shoot an arrow. The arrow completely misses the worm.
Something hits you!
Deactivating autopickup; reactivate with Ctrl-A.
You clumsily bash something but do no damage.
You kick something. Something hits you!
You clumsily bash something but do no damage.
Your kick misses something. Something hits you but does no damage.
The worm bites you!
* * * LOW HITPOINT WARNING * * *
You clumsily bash something but do no damage.
Something hits you!
You die...

#####.## #####w# ...w# ######
#......# #.....# .....#
#......####.....#... .....#
#.......#('..........
.....###.......#.#.....#....
.....#......##..(#.....#.....
.....#......###.(#.....#.....
......^.....# #.w#.....#.....
............# ##@#.....#.....#.#
#...........####.......#.....#.#
#....).......................#.#
#.........).###.#....#..#......#
#####.......###.#....<..#......#
............+........รท..#......#
............###.##..##.##......#
....................##.##..w...#
...........####.##..##.###o##o...


You could see a worm.

Vanquished Creatures
  Natasha (thrice) (D:3)
  2 orc wizards (D:3)
  4 adders
  2 worms (D:2)
  2 dart slugs
  3 leopard geckos
  4 orcs
  A bat (D:3)
  2 giant cockroaches (D:1)
  3 goblins
  5 hobgoblins
  4 jackals (D:2)
  4 kobolds
  2 quokkas
  2 ball pythons
  4 frilled lizards (D:2)
  6 rats
53 creatures vanquished.

Notes
Turn   | Place    | Note
-------+----------+-------------------------------------------
     0 | D:1      | dobroeutro the Centaur Hunter began the quest for the Orb.
     0 | D:1      | Reached XP level 1. HP: 17/17 MP: 1/1
   527 | D:1      | Reached XP level 2. HP: 20/24 MP: 2/2
   864 | D:2      | Reached skill level 6 in Bows
   882 | D:2      | Found an iron altar of Okawaru.
   900 | D:2      | Became a worshipper of Warmaster Okawaru
   989 | D:2      | Found a snail-covered altar of Cheibriados.
  1267 | D:2      | Reached XP level 3. HP: 28/29 MP: 3/3
  1422 | D:2      | Reached skill level 1 in Short Blades
  1665 | D:3      | Noticed Natasha
  1697 | D:3      | HP: 1/30 [Natasha/magic dart (4)]
  2004 | D:3      | Killed Natasha
  2004 | D:3      | Reached XP level 4. HP: 20/37 MP: 4/4
  2420 | D:3      | Reached * piety under Okawaru
  2420 | D:3      | Reached XP level 5. HP: 28/44 MP: 5/5
  2482 | D:3      | Reached skill level 7 in Bows
  2534 | D:3      | Noticed Natasha
  2539 | D:3      | Killed Natasha
  2547 | D:3      | Noticed Sigmund
  2571 | D:3      | Noticed Natasha
  2585 | D:3      | Killed Natasha
  2599 | D:3      | Slain by Sigmund

Skill      XL: |  1  2  3  4  5 |
---------------+----------------+-----
Bows           | 6 7 |  7.6
Short Blades   | 1 2 |  2.1
Fighting       | |  2.9
Dodging        | |  1.9
Stealth        | |  0.5

Action                   |  1- 3 |  4- 6 || total
-------------------------+-------+-------++-------
Melee: Short sword       |   130 |    34 ||   164
       Kick              |    21 |     5 ||    26
       Shortbow          |       |     3 ||     3
 Fire: Shortbow          |    46 |    44 ||    90
  Eat: Chunk             |     2 |     2 ||     4
Armor: Robe              |    50 |    22 ||    72
Dodge: Dodged            |    78 |    32 ||   110
